 Dungeon Crawl Stone Soup version 0.28-a0-845-gfc338a8e3c (webtiles) character file.

Game seed: 17018477043578484815

51 vurker the Gusty (level 3, -9/28 HPs)
             Began as a Demigod Air Elementalist on Nov 12, 2021.
             Killed from afar by Sigmund (12 damage)
             ... with a puff of flame
             ... on level 2 of the Dungeon.
             The game lasted 00:03:00 (1952 turns).

vurker the Gusty (Demigod Air Elementalist)         Turns: 1952, Time: 00:03:01

Health: -9/28      AC:  8    Str:  7 (9)  XL:     3   Next: 38%
Magic:  5/9        EV: 12    Int: 19 (21) God:
Gold:   67         SH:  0    Dex: 13 (14) Spells: 5/6 levels left

rFire   . . .      SeeInvis .   e - +0 short sword
rCold   + . .      Faith    .   (no shield)
rNeg    . . .      Spirit   .   a - +0 robe
rPois   .          Reflect  .   (helmet restricted)
rElec   .          Harm     .   (no cloak)
rCorr   .          Rampage  .   (no gloves)
Will    .....                   (no boots)
Stlth   +.........              (no amulet)
HPRegen 0.09/turn               g - +4 ring of protection
MPRegen 0.11/turn               (no ring)

@: confused, hasted (expiring), very quick
A: high mp 1, forlorn, horns 1, iridescent scales 1, cold resistance 1, subdued
magic 1
a: no special abilities


You were on level 2 of the Dungeon.
You visited 1 branch of the dungeon, and saw 2 of its levels.

You collected 67 gold pieces.

Inventory:

Hand Weapons
 e - a +0 short sword (weapon)
   (You took it off a kobold on level 1 of the Dungeon)
Armour
 a - a +0 robe (worn)
Jewellery
 g - a +4 ring of protection (left hand)
   (You found it on level 2 of the Dungeon)
Scrolls
 b - 3 scrolls of teleportation {unknown}
 d - 2 scrolls of identify {unknown}
 i - 2 scrolls of amnesia {unknown}


   Skills:
 + Level 1.0 Fighting
 - Level 1.7 Dodging
 - Level 1.7 Stealth
 * Level 2.4 Spellcasting
 + Level 1.3 Conjurations
 * Level 3.3 Air Magic


You had 5 spell levels left.
You knew the following spells:

 Your Spells              Type           Power      Damage    Failure   Level
a - Shock                 Conj/Air       32%        1d5       4%          1

Your spell library contained the following spells:

 Spells                   Type           Power      Damage    Failure   Level
 Static Discharge         Conj/Air       8%         N/A       8%          2
 Swiftness                Air            11%        N/A       11%         3
 Airstrike                Air            5%         N/A       34%         4


Dungeon Overview and Level Annotations

Branches:
Dungeon (2/15)

Shops:
D:2 [

Annotations:
D:2 Sigmund


Innate Abilities, Weirdness & Mutations

Your attributes grow dramatically as you level up.
You have an increased reservoir of magic. (+10% MP)
You shall have no god before yourself.
You have a pair of small horns on your head.
You are partially covered in iridescent scales. (AC +2)
Your flesh is cold resistant. (rC+)
Your spells are a little easier to cast, but a little less powerful.


Message History

You feel weakened.
You feel dopey.
You feel clumsy.
It was a potion of heal wounds.
You feel much better.
You hear some strange, mumbled words.
Something tries to affect you, but you resist.
Something hits you but does no damage.
Unknown command.
Something hits you!
Unknown command.
Unknown command.
Something hits you.
You feel less confused.
Unknown command.
The zap hits something. x2
The zap hits something. x2
You hear some strange, mumbled words.
You are confused.
You're too confused to cast spells.
You're too confused to cast spells.
You bump into the rock wall.
You bump into the rock wall.
Something hits you.
* * * LOW HITPOINT WARNING * * *
You bump into the rock wall.
You hear some strange, mumbled words.
A puff of flame appears from out of thin air!
The puff of flame misses you.
You feel less confused.
The zap hits something. x2
The zap hits something.
You hear some strange, mumbled words.
You are confused.
You're too confused to cast spells.
Unknown command.
You're too confused to cast spells.
Sorry, you're not good enough to have a special ability.
You bump into the rock wall.
You're too confused to move!
You hear some strange, mumbled words.
A puff of flame appears from out of thin air!
The puff of flame hits you.
* * * LOW HITPOINT WARNING * * *
You bump into the rock wall.
Unknown command.
You bump into the rock wall.
Something hits you.
* * * LOW HITPOINT WARNING * * *
Your extra speed is starting to run out.
A puff of flame appears from out of thin air!
The puff of flame hits you!
You die...

.....#############.#
.###...............#
.#.################# ...#
#............# ##.#
#.##########.# ...#
#..........#.#
#..###..........#.#
....†#..........#.##########
...#(#....>.....@......<...#
...#.#..........#.########.#
...#.#..#.#'#.#.#.# #.#
.....#..#.#.#.#.#.# #.#
###..#..#.#.#.#{#.# #.#
#G#.##..#.#.#.#.#.########.##
###.....#.#.#.#.............#
....###.#.#.#.###.###########
........#.#.#.# #.#


There were no monsters in sight!

Vanquished Creatures
  A dart slug (D:1)
  4 ball pythons
  4 bats
  4 endoplasms
  A giant cockroach (D:2)
  2 goblins
  6 hobgoblins
  9 jackals
  A quokka (D:2)
  A frilled lizard (D:1)
  3 kobolds
  7 rats
43 creatures vanquished.

Notes
Turn   | Place    | Note
-------+----------+-------------------------------------------
     0 | D:1      | vurker the Demigod Air Elementalist began the quest for the
                  | Orb.
     0 | D:1      | Reached XP level 1. HP: 14/14 MP: 5/5
   119 | D:1      | Reached skill level 1 in Conjurations
   566 | D:1      | Reached XP level 2. HP: 22/22 MP: 5/7
   618 | D:1      | Reached skill level 3 in Air Magic
  1220 | D:2      | Noticed an eye of devastation
  1223 | D:2      | Noticed a floating eye
  1223 | D:2      | Noticed a floating eye
  1223 | D:2      | Noticed a golden eye
  1235 | D:2      | Reached XP level 3. HP: 26/27 MP: 3/9
  1691 | D:2      | Found Gocveot's Antique Armour Boutique.
  1837 | D:2      | Reached skill level 1 in Fighting
  1915 | D:2      | Noticed Sigmund
  1921 | D:2      | Gained mutation: You have a pair of small horns on your
                  | head. [potion of mutation]
  1921 | D:2      | Gained mutation: Your spells are a little easier to cast,
                  | but a little less powerful. [potion of mutation]
  1921 | D:2      | Gained mutation: You are partially covered in iridescent
                  | scales. (AC +2) [potion of mutation]
  1921 | D:2      | Gained mutation: Your flesh is cold resistant. (rC+)
                  | [potion of mutation]
  1952 | D:2      | Killed from afar by Sigmund

Illustrated notes

Levels and vault maps discovered:
D:1:      dpeg_arrival_ratfight, layout_rooms
D:2:      layout_basic, hellmonk_ecumenical_altar_watching_god, serial_shops,
          nicolae_shop_behind_doors, uniq_sigmund

Skill      XL: |  1  2  3 |
---------------+----------+-----
Conjurations   | 1 |  1.3
Spellcasting   | 2 |  2.4
Air Magic      | 3 |  3.3
Fighting       | 1 |  1.0
Dodging        | |  1.7
Stealth        | |  1.7

Action                   || total
-------------------------++-------
Melee: Unarmed           ||     5
       Short sword       ||     8
 Cast: Shock             ||    80
  Use: Potion            ||     4
Armor: Robe              ||    21
Dodge: Dodged            ||    34

Table legend: (Time is in decaauts)
 A = Elapsed time spent in this place.
 B = Non-inter-level travel time spent in this place.
 C = Inter-level travel time spent in this place.
 D = Time resting spent in this place.
 E = Time spent auto-exploring this place.
 F = Levels seen in this place.
 G = Mean time per level.
                   A        B        C        D        E       F      G
               +--------+--------+--------+--------+--------+-----+--------+
         Total |   1941 |   1929 |     12 |      0 |   1679 |   2 |  970.5 |
       Dungeon |   1941 |   1929 |     12 |      0 |   1679 |   2 |  970.5 |
               +--------+--------+--------+--------+--------+-----+--------+

Top non-repeatable levels by time:
     D:1: 1112 daAuts
     D:2: 829 daAuts
